 Dungeon Crawl Stone Soup version 0.22-a0-3-g4fa69d9 (webtiles) character file.

11879 zeke the Severer (level 11, -17/94 HPs)
             Began as a Minotaur Fighter on Jan 1, 2018.
             Engulfed by an ice statue's freezing vapour (26 damage)
             ... in an ice cave.
             The game lasted 00:20:08 (8666 turns).

zeke the Severer (Minotaur Fighter)                 Turns: 8666, Time: 00:20:08

Health: -17/94     AC: 13    Str: 24    XL:     11   Next: 55%
Magic:  10/10      EV: 11    Int: 10    God:
Gold:   189        SH: 11    Dex: 10    Spells: 10/10 levels left

rFire    . . .     SeeInvis .   a - +1 war axe
rCold    . . .     Gourm    .   c - +0 shield
rNeg     . . .     Faith    .   b - +1 scale mail
rPois    +         Spirit   .   (helmet restricted)
rElec    .         Reflect  .   (no cloak)
rCorr    .         Harm     .   v - +0 pair of gloves
MR       .....                  s - +0 pair of boots
Stlth    ..........             (no amulet)
HPRegen  0.25/turn              (no ring)
MPRegen  0.12/turn              z - +5 ring of intelligence

@: no status effects
A: retaliatory headbutt, horns 2, poison resistance, shaggy fur 1
a: no special abilities


You were in an ice cave.
You were not hungry.

You visited 2 branches of the dungeon, and saw 11 of its levels.
You also visited: Sewer and Ice Cave.

You collected 488 gold pieces.
You spent 299 gold pieces at shops.

Inventory:

Hand Weapons
 a - a +1 war axe (weapon)
Armour
 b - a +1 scale mail (worn)
 c - a +0 shield (worn)
 s - a +0 pair of boots (worn)
 v - a +0 pair of gloves (worn)
Jewellery
 z - a +5 ring of intelligence (right hand)
 B - a +3 amulet of reflection {unknown}
Wands
 i - a wand of paralysis (17)
 m - a wand of iceblast (6)
 q - a wand of acid (12)
 t - a wand of digging (6)
 A - a wand of random effects (53)
 D - a wand of scattershot (6)
Scrolls
 e - 10 scrolls of identify
 g - 2 scrolls of enchant armour
 j - a scroll of fear
 k - 4 scrolls of teleportation
 p - 2 scrolls of remove curse
 r - a scroll of immolation {unknown}
 w - a scroll of brand weapon {unknown}
 C - 2 scrolls of enchant weapon
Potions
 d - 3 potions of curing
 h - 3 potions of flight
 l - a potion of resistance
 n - 3 potions of heal wounds
 u - a potion of berserk rage {unknown}
 x - 2 potions of haste
Books
 y - a book of Cantrips

   Spells                             Type                      Level
   a - Confusing Touch                Hexes                        1
   b - Animate Skeleton               Necromancy                   1
   c - Summon Small Mammal            Summoning                    1
   d - Apportation                    Translocation                1
Comestibles
 f - 15 rations


   Skills:
 + Level 8.2 Fighting
 * Level 15.6 Axes
 + Level 8.8 Armour
 + Level 4.9 Dodging
 + Level 1.3 Stealth
 + Level 8.9 Shields
 + Level 0.7 Evocations


You had 10 spell levels left.
You didn't know any spells.

Dungeon Overview and Level Annotations

Branches:
Dungeon (9/15)             Temple (1/1) D:5
   Lair: D:8-11         Orc: D:9-12

Altars:
Ashenzari
Cheibriados
Dithmenos
Elyvilon
Fedhas
Gozag
Hepliaklqana
Kikubaaqudgha
Makhleb
Nemelex Xobeh
Okawaru
Qazlal
Ru
Sif Muna
Trog
Uskayaw
Vehumet
Wu Jian
Xom
Yredelemnul
Zin
The Shining One
Jiyva

Shops:
D:6 !   D:8 :

Annotations:
IceCv exclusion: ice statue


Innate Abilities, Weirdness & Mutations

You reflexively headbutt those who attack you in melee.
You have a pair of horns on your head.
Your system is resistant to poisons. (rPois)
You are covered in fur. (AC +1)


Message History

You slash the ice statue!
The ice statue is lightly damaged.
You are engulfed in freezing vapours.
The ice statue gestures at you. The freezing blast engulfs you!
You hit the ice statue but do no damage.
The ice statue is lightly damaged.
You are engulfed in freezing vapours.
The ice statue gestures at you. The freezing blast engulfs you!
* * * LOW HITPOINT WARNING * * *
You hit the ice statue but do no damage.
You headbutt the ice statue.
The ice statue is moderately damaged.
You are engulfed in freezing vapours.
* * * LOW HITPOINT WARNING * * *
As you read the scroll labeled ZICUPIOTWIR, it crumbles to dust.
It is a scroll of amnesia.
You feel forgetful for a moment.
You are engulfed in freezing vapours.
You die...

## ##. ###.. ##.§. ##
####§§§ ###. #..§§§##
###..# #.§8@§##
#..###
###§§§§##########..##
###§§§##.†.##...#..
###§..##...######
##########


You could see an ice statue.

Vanquished Creatures
  2 two-headed ogres (D:11)
  Pikel (D:7)
  Joseph (D:7)
  2 rime drakes (D:11)
  A hornet (D:8)
  8 polar bears
  Prince Ribbit (D:8)
  2 hippogriffs
  Sigmund (D:2)
  17 yaks (IceCv)
  A hungry ghost (D:11)
  An orc warrior (D:6)
  4 ice beasts
  A sky beast (D:7)
  2 black bears
  4 ogres
  2 phantoms
  11 wolves (IceCv)
  3 centaurs
  A big kobold (Sewer)
  6 bullfrogs
  2 scorpions
  3 killer bees (D:7)
  4 howler monkeys
  3 crimson imps
  A centaur zombie (D:6)
  A quasit (D:8)
  3 bullfrog skeletons
  A centaur skeleton (D:7)
  2 orc priests
  3 hounds
  3 iguanas
  6 orc wizards
  4 worker ants
  13 adders
  2 river rats (Sewer)
  2 shadow imps
  2 oozes
  4 worms
  A dart slug (D:1)
  3 leopard geckos
  17 orcs
  2 ball pythons (D:3)
  5 bats
  9 giant cockroaches
  4 goblins
  6 hobgoblins
  12 jackals
  4 quokkas
  7 frilled lizards
  12 kobolds
  A leopard gecko skeleton (D:7)
  13 rats
  A bush (D:11)
228 creatures vanquished.

Notes
Turn   | Place    | Note
-------+----------+-------------------------------------------
     0 | D:1      | zeke the Minotaur Fighter began the quest for the Orb.
     0 | D:1      | Reached XP level 1. HP: 19/19 MP: 0/0
   113 | D:1      | Reached XP level 2. HP: 25/27 MP: 1/1
   116 | D:1      | Reached skill level 3 in Axes
   643 | D:2      | Reached XP level 3. HP: 33/33 MP: 2/2
   657 | D:2      | Found a hazy altar of Hepliaklqana.
   960 | D:2      | Noticed Sigmund
   975 | D:2      | Killed Sigmund
   975 | D:2      | Reached skill level 5 in Axes
   975 | D:2      | Reached skill level 1 in Dodging
   975 | D:2      | Reached XP level 4. HP: 16/40 MP: 3/3
   975 | D:2      | Reached XP level 5. HP: 18/46 MP: 4/4
  1777 | D:3      | Found a glowing drain.
  1793 | Sewer    | Entered a sewer
  1873 | Sewer    | Reached XP level 6. HP: 47/53 MP: 5/5
  1888 | Sewer    | Found a white marble altar of Elyvilon.
  2343 | D:4      | Found a blossoming altar of Fedhas.
  2367 | D:4      | Reached skill level 6 in Axes
  2507 | D:4      | Found a shimmering altar of Xom.
  2507 | D:4      | Found a burning altar of Makhleb.
  2651 | D:5      | Entered Level 5 of the Dungeon
  2651 | D:5      | Noticed an ice beast
  2659 | D:5      | Killed an ice beast
  2659 | D:5      | Reached XP level 7. HP: 45/60 MP: 6/6
  2753 | D:5      | Reached skill level 7 in Axes
  2753 | D:5      | Reached skill level 5 in Armour
  2753 | D:5      | Reached skill level 5 in Shields
  3200 | D:5      | Reached skill level 5 in Fighting
  3200 | D:5      | Reached skill level 8 in Axes
  3300 | D:5      | You fall through a shaft for 3 floors!
  3300 | D:8      | Found a shattered altar of Ashenzari.
  3306 | D:8      | Noticed a hornet
  3319 | D:8      | Killed a hornet
  3319 | D:8      | Reached skill level 9 in Axes
  3319 | D:8      | Reached XP level 8. HP: 32/68 MP: 7/7
  3581 | D:7      | Noticed Joseph
  3599 | D:7      | Killed Joseph
  3913 | D:7      | Reached skill level 10 in Axes
  4239 | D:6      | Found a radiant altar of Vehumet.
  4245 | D:6      | Reached XP level 9. HP: 66/75 MP: 8/8
  4333 | D:6      | Found a glowing golden altar of the Shining One.
  4561 | D:6      | Found Puik Hoka's Distillery.
  4573 | D:6      | Bought a potion of haste for 130 gold pieces
  4573 | D:6      | Bought a potion of heal wounds for 65 gold pieces
  4977 | D:5      | Found a staircase to the Ecumenical Temple.
  4984 | Temple   | Entered the Ecumenical Temple
  5204 | D:6      | Bought a potion of mutation for 104 gold pieces
  5204 | D:6      | Gained mutation: You are covered in fur. (AC +1) [potion of mutation]
  5204 | D:6      | Gained mutation: Your system is resistant to poisons. (rPois) [potion of mutation]
  5267 | D:6      | Reached skill level 11 in Axes
  5454 | D:7      | Found a snail-covered altar of Cheibriados.
  5622 | D:7      | You fall through a shaft!
  5637 | D:8      | Noticed Prince Ribbit
  5650 | D:8      | Killed Prince Ribbit
  5650 | D:8      | Reached skill level 12 in Axes
  5854 | D:8      | Found Haenkek's Book Shoppe.
  5941 | D:8      | Found a bloodstained altar of Trog.
  5982 | D:8      | Found a basalt altar of Yredelemnul.
  6096 | D:8      | Found a deep blue altar of Sif Muna.
  6267 | D:7      | Noticed Pikel
  6277 | D:7      | Killed Pikel
  6277 | D:7      | Reached XP level 10. HP: 84/84 MP: 9/9
  6605 | D:9      | Reached skill level 13 in Axes
  6668 | D:9      | Found an iron altar of Okawaru.
  6678 | D:9      | You fall through a shaft for 2 floors!
  6804 | D:11     | Noticed a two-headed ogre
  6812 | D:11     | Killed a two-headed ogre
  7056 | D:11     | Found a frozen archway.
  7056 | D:11     | Noticed a two-headed ogre
  7066 | D:11     | Reached skill level 1 in Stealth
  7074 | D:11     | Killed a two-headed ogre
  7074 | D:11     | Reached skill level 14 in Axes
  7247 | IceCv    | Entered an ice cave
  7459 | IceCv    | Reached XP level 11. HP: 90/92 MP: 10/10
  7636 | IceCv    | Reached skill level 15 in Axes
  8666 | IceCv    | Engulfed by an ice statue's freezing vapour

Vault maps used:
D:1:      onia_arrival_mini_spirals
D:2:      nicolae_overflow_crystal_walls, uniq_sigmund
D:3:      portal_sewer_entry_b, serial_bayou, serial_bayou_shore_b,
          serial_bayou_ford_a, serial_bayou_shore_a, serial_bayou_lake_a,
          grunt_decor_cap
D:4:      grunt_temple_overflow_champion_of_chaos, lemuel_doored_altar,
          first_ration, minmay_misc_feat_diagonals
D:5:      temple_green
D:6:      old_standard_altar, tso_metal_star, serial_shops,
          nicolae_shop_statue_plus
D:7:      kennysheep_little_box, uniq_joseph, uniq_pikel
D:8:      bloody_trog, yredelemnul_altar_generic, evilmike_ruin_ashenzari,
          basic_altar, serial_shops, nicolae_shop_waterfront, feat_on_display,
          uniq_prince_ribbit1
D:9:      okawaru_trees_2, orc_0_dummy, david_nohive_1
D:11:     serial_ice, serial_ice_h, serial_ice_c, serial_ice_i, serial_ice_g,
          portal_ice_cave_rime, minivault_25_ag, kb_lookout_dungeons_type
Temple:   pf_slimified_temple
Sewer:    sewer_kobolds
IceCv:    ice_cave_caverns_01

Skill      XL: |  1  2  3  4  5  6  7  8  9 10 11 |
---------------+----------------------------------+-----
Axes           | 3 5 6 9 10 12 14 15 | 15.6
Fighting       | 4 5 6 7 8 |  8.2
Armour         | 4 5 6 7 8 |  8.8
Shields        | 4 5 6 7 8 |  8.9
Dodging        | 1 2 3 4 |  4.9
Stealth        | 1 |  1.3
Evocations     | |  0.7

Action                   |  1- 3 |  4- 6 |  7- 9 | 10-12 || total
-------------------------+-------+-------+-------+-------++-------
Melee: War axe           |    64 |    92 |   292 |   286 ||   734
       Headbutt          |    10 |    10 |    51 |    62 ||   133
Evoke: Wand              |       |       |     3 |     1 ||     4
  Use: Potion            |     1 |     2 |     4 |     1 ||     8
       Scroll            |       |     5 |     3 |     2 ||    10
 Stab: Invisible         |       |       |       |     1 ||     1
  Eat: Chunk             |       |     6 |    12 |     8 ||    26
Armor: Scale mail        |    25 |    37 |   126 |    70 ||   258
Dodge: Dodged            |    27 |    26 |   120 |    97 ||   270
Block: Shield            |    38 |    49 |   183 |   142 ||   412

Table legend:
 A = Spawn XP
 B = Non-spawn XP
 C = Spawn XP percentage of total XP
 D = Spawn monster count
 E = Non-spawn monster count
 F = Spawn count percentage of total count
 G = Total turns spent on level
                    A         B        C        D         E        F      G
               +---------+---------+-------+---------+---------+-------+---------
         Total |       0 |   16970 |   0.0 |       0 |     227 |   0.0 |  8666
               +---------+---------+-------+---------+---------+-------+---------
           D:1 |       0 |      38 |   0.0 |       0 |      21 |   0.0 |   620
           D:2 |       0 |     271 |   0.0 |       0 |      25 |   0.0 |   683
           D:3 |       0 |      32 |   0.0 |       0 |      12 |   0.0 |   675
           D:4 |       0 |     139 |   0.0 |       0 |       9 |   0.0 |   491
           D:5 |       0 |     809 |   0.0 |       0 |      22 |   0.0 |  1059
           D:6 |       0 |     757 |   0.0 |       0 |      21 |   0.0 |   683
           D:7 |       0 |    2357 |   0.0 |       0 |      25 |   0.0 |   893
           D:8 |       0 |    1609 |   0.0 |       0 |      28 |   0.0 |  1202
           D:9 |       0 |     498 |   0.0 |       0 |       4 |   0.0 |    86
          D:11 |       0 |    3507 |   0.0 |       0 |      15 |   0.0 |   569
         Sewer |       0 |     135 |   0.0 |       0 |      10 |   0.0 |   182
         IceCv |       0 |    6818 |   0.0 |       0 |      35 |   0.0 |  1419
               +---------+---------+-------+---------+---------+-------+---------
